 Dungeon Crawl Stone Soup version 0.28-a0-984-g3775c662fe (webtiles) character file.

Game seed: 16688853570566574289

28345 tilp the Destroyer (level 11, 0/40 (51) HPs)
             Began as a Felid Ice Elementalist on Dec 2, 2021.
             Was a High Priest of Ru.
             Slain by an ettin (10 damage)
             ... on level 2 of the Orcish Mines on Dec 3, 2021.
             The game lasted 01:09:52 (37050 turns).

tilp the Destroyer (Felid Ice Elementalist)        Turns: 37050, Time: 01:09:53

HP:   0/40 (51)     AC: 15    Str:  4    XL:     11   Next: 9%
MP:   1/24          EV: 23    Int: 22    God:    Ru [*****.]
Gold: 2924          SH:  0    Dex: 16    Spells: 6/26 levels left
                                        Lives: 0   Deaths: 3

rFire   . . .      SeeInvis +     - Unarmed
rCold   . . .      Faith    +   (shield unavailable)
rNeg    . . .      Spirit   .   (armour unavailable)
rPois   .          Reflect  .   (helmet unavailable)
rElec   .          Harm     .   (cloak unavailable)
rCorr   .          Rampage  .   (gloves unavailable)
Will    +....                   (boots unavailable)
Stlth   ++++......              y - amulet of faith
HPRegen 0.13/turn               F - +4 ring of protection
MPRegen 0.19/turn               w - +4 ring of slaying

@: ice-armoured, heavily drained, quick
A: very small, claws 1, fangs 3, see invisible, speed 1, shaggy fur 2, inability
to use devices, unskilled 1, inexperienced 1, stealthy paws, no weapons or
thrown items, no armour, multi-lived
a: Renounce Religion, Draw Out Power, Power Leap, Apocalypse


You were on level 2 of the Orcish Mines.
You worshipped Ru.
Ru was extremely pleased with you.
You visited 4 branches of the dungeon, and saw 22 of its levels.
You also visited: Ossuary.

You collected 4086 gold pieces.
You spent 1162 gold pieces at shops.

Inventory:

Jewellery
 a - a +6 ring of dexterity
 d - an amulet of magic regeneration
 h - an amulet of the acrobat
 k - the ring of Lust {rPois Str+3}
   (You acquired it on level 7 of the Dungeon)

   [ring of poison resistance]

   Str:       It affects your strength (+3).
   rPois:     It protects you from poison.
 o - a ring of positive energy
 w - a +4 ring of slaying (right paw)
 y - an amulet of faith (around neck)
 z - a ring of ice
 F - a +4 ring of protection (left paw)
 G - a ring of wizardry
 I - a ring of ice
 K - an amulet of guardian spirit
 L - a ring of protection from fire
 M - a +6 ring of dexterity
Scrolls
 i - 4 scrolls of noise
 j - 2 scrolls of blinking
 l - 3 scrolls of magic mapping
 m - 3 scrolls of identify
 p - 3 scrolls of immolation
 s - a scroll of fear
 t - a scroll of amnesia
 u - 7 scrolls of teleportation
 v - 2 scrolls of fog
 C - 3 scrolls of vulnerability
 E - 3 scrolls of silence
 J - a scroll of torment
Potions
 b - 11 potions of might
 c - 8 potions of heal wounds
 e - 3 potions of haste
 f - 8 potions of curing
 g - 4 potions of brilliance
 n - 2 potions of cancellation
 q - 3 potions of flight
 r - 2 potions of magic
 x - 2 potions of attraction
 A - 2 potions of invisibility
 B - 8 potions of lignification
 D - 6 potions of ambrosia
 H - a potion of berserk rage


   Skills:
 - Level 8.0 Fighting
 - Level 10.0 Dodging
 - Level 10.0 Stealth
 - Level 8.0 Unarmed Combat
 - Level 8.0 Spellcasting
 + Level 10.4 Conjurations
 - Level 4.0 Hexes
 - Level 6.0 Translocations
 + Level 10.4 Ice Magic


You had 6 spell levels left.
You knew the following spells:

 Your Spells              Type           Power      Damage    Failure   Level
a - Freeze                Ice            100%       1d11      1%          1
b - Frozen Ramparts       Ice            100%       1d12      1%          3
c - Ozocubu's Armour      Ice            53%        N/A       1%          3
d - Hailstorm             Conj/Ice       53%        3d12      1%          4
e - Iskenderun's Mystic   Conj/Tloc      44%        2d10      2%          4
f - Dazzling Flash        Conj/Hex       80%        N/A       1%          3
g - Blink                 Tloc           70%        N/A       1%          2

Your spell library contained the following spells:

 Spells                   Type           Power      Damage    Failure   Level
 Lesser Beckoning         Tloc           35%        N/A       1%          3
 Tukima's Dance           Hex            26%        N/A       4%          3
 Passage of Golubria      Tloc           35%        N/A       6%          4
 Corpse Rot               Necr/Air       16%        N/A       11%         2
 Poisonous Vapours        Pois/Air       16%        N/A       11%         2
 Sublimation of Blood     Necr           8%         N/A       11%         2
 Manifold Assault         Tloc           35%        N/A       17%         5
 Irradiate                Conj/Tmut      15%        3d18      24%         5
 Leda's Liquefaction      Hex/Erth       8%         N/A       32%         4
 Petrify                  Tmut/Erth      8%         N/A       58%         4
 Silence                  Hex/Air        8%         N/A       65%         5
 Yara's Violent Unravell  Hex/Tmut       8%         3d5       65%         5
 Starburst                Conj/Fire      15%        6d6       80%         6
 Agony                    Necr           8%         N/A       90%         5
 Lee's Rapid Deconstruct  Erth           4%         3d6*      90%         5
 Statue Form              Tmut/Erth      5%         N/A       100%        6


Dungeon Overview and Level Annotations

Branches:
Dungeon (13/15)            Temple (1/1) D:6            Lair (6/6) D:9
 Shoals (0/4) Lair:2       Spider (0/4) Lair:3        Slime (0/5) Lair:6
    Orc (2/2) D:9             Elf (0/3) Orc:2       Ossuary (visited)
 Vaults: D:13-14

Altars:
Ashenzari
Cheibriados
Dithmenos
Elyvilon
Fedhas
Gozag
Hepliaklqana
Kikubaaqudgha
Makhleb
Nemelex Xobeh
Okawaru
Qazlal
Ru
Sif Muna
Trog
Uskayaw
Vehumet
Wu Jian
Xom
Yredelemnul
Zin
The Shining One
Jiyva

Shops:
D:7 *?

Annotations:
D:7 exclusion: skeletal warrior
D:9 Erolcha
D:10 2 transporters, 2 runed translucent doors, Samael12321's ghost, journeyman OpAE
D:11 exclusion: gargoyle
Lair:4 exclusions: 2 basilisks and hydra
Lair:6 1 runed translucent door


Innate Abilities, Weirdness & Mutations

You have sharp claws.
You have razor-sharp teeth.
You have supernaturally acute eyesight. (SInv)
You cover ground quickly. (Speed+)
You are covered in thick fur. (AC +2)
You cannot study or use magical devices.
You are somewhat unskilled. (-1 Apt)
You are somewhat inexperienced. (-2 XL)
Your paws help you pounce on unaware monsters.
You are incapable of wielding weapons or throwing items.
You cannot wear armour.
You gain extra lives every three experience levels.


Message History

Casting: Iskenderun's Mystic Blast (dangerous; 2% risk of failure)
Confirm with . or Enter, or press ? or * to list all spells.
You erupt in a blast of force!
The mystic blast hits the ettin.
The ettin is moderately wounded.
The ettin barely misses you. The ettin closely misses you.
Unknown command.
Unknown command.
Casting: Iskenderun's Mystic Blast (dangerous; 2% risk of failure)
Confirm with . or Enter, or press ? or * to list all spells.
You erupt in a blast of force!
The mystic blast hits the ettin.
The ettin is moderately wounded.
The ettin is knocked back by the mystic blast.
Unknown command.
Unknown command.
Casting: Iskenderun's Mystic Blast (dangerous; 2% risk of failure)
Confirm with . or Enter, or press ? or * to list all spells.
Aiming: Freeze (safe; 1% risk of failure)
Press: ? - help, Shift-Dir - straight line Out of range.
Okay, then.
You scratch the ettin.
The ettin is heavily wounded.
You claw the ettin! You bite the ettin.
The ettin is heavily wounded.
The ettin hits you with a +0 dire flail!!
Ouch! That really hurt!
* * * LOW HITPOINT WARNING * * *
The ettin hits you with a +0 dire flail.
* * * LOW HITPOINT WARNING * * *
Casting: Freeze (safe; 1% risk of failure)
Confirm with . or Enter, or press ? or * to list all spells.
Casting: Dazzling Flash (safe; 1% risk of failure)
Press: ? - help, Dir - look around, f - activate The ettin is dazzled.
The ettin misses you. The ettin closely misses you.
Unknown command.
You claw the ettin!
The ettin is severely wounded.
The ettin completely misses you.
The ettin hits you with a +0 dire flail!
You die...

#..............
........).......
.................
.................<
o..............[...
.o.......$..........
............)...$.#.
.).)....)..[@.......
)...)..$....[C......
.o...[....[...[.....
)........[.$#$......
.).)....(...........
o.)...>............#
...##...............
#.....$.$........
#.$..............


You could see an ettin (blind).

Vanquished Creatures
  5 hydras
  2 boulder beetles
  A two-headed ogre (D:5)
  2 death yaks
  Urug (Lair:5)
  An orc knight (Orc:2)
  A lindwurm (Lair:5)
  8 black mambas
  2 merfolk sirens (Lair:2)
  12 elephants (Lair:6)
  10 cane toads
  2 torpor snails
  3 rime drakes
  A demonic crawler (Lair:3)
  5 komodo dragons
  7 polar bears
  A queen bee (Lair:2)
  5 hornets
  18 dream sheep
  2 merfolk (Lair:2)
  31 blink frogs
  2 centaur simulacra (D:10)
  2 wyverns
  A shadow (D:9)
  15 spriggans
  3 basilisks
  39 yaks
  A steam dragon (D:7)
  4 vampire mosquitoes (D:11)
  Menkaure (D:7)
  A warg (Orc:2)
  14 water moccasins
  11 orc warriors
  3 black bears
  2 ice beasts
  11 necrophages
  4 boggarts (Lair:6)
  2 ogres (D:3)
  2 sky beasts (D:6)
  The ghost of ThreePoint314 the Caller, an amateur HOSu (D:3)
  2 centaurs
  17 wolves
  2 kobold brigands
  13 bullfrogs
  7 scorpions
  A wyvern zombie (D:7)
  26 killer bees
  9 wights
  10 howler monkeys
  3 electric eels
  2 centaur zombies
  5 crimson imps (D:11)
  A hound (D:5)
  7 orc priests
  A bullfrog skeleton (D:6)
  Ijyb (D:5)
  2 iguanas (D:6)
  12 orc wizards
  2 hell rats (Lair:1)
  A hound skeleton (D:4)
  9 mummies
  3 gnolls (D:5)
  13 adders
  8 river rats (Lair:1)
  A shadow imp (D:11)
  11 white imps
  5 ufetubi
  An adder skeleton (D:4)
  3 worms
  31 orcs
  3 ball pythons
  2 endoplasms
  5 giant cockroaches
  3 gnoll zombies (Ossuary)
  2 goblins
  5 hobgoblins
  A quokka (D:2)
  3 bats
  2 frilled lizards (D:2)
  2 hobgoblin zombies (Ossuary)
  12 kobolds
  A kobold zombie (Ossuary)
  2 orc zombies (Ossuary)
  3 rats
494 creatures vanquished.

Vanquished Creatures (others)
  A cyclops (D:11)
  A polar bear (Lair:6)
  A blink frog (Lair:3)
  A yak (D:10)
  A necrophage (Lair:5)
  A wolf (D:10)
  A centaur (D:9)
  An orc wizard (Orc:2)
  A bush (D:5)
  79 fungi
  97 plants
185 creatures vanquished.

Grand Total: 679 creatures vanquished

Notes
Turn   | Place    | Note
-------+----------+-------------------------------------------
     0 | D:1      | tilp the Felid Ice Elementalist began the quest for the
                  | Orb.
     0 | D:1      | Reached XP level 1. HP: 7/7 MP: 4/4
   195 | D:1      | Reached skill level 1 in Unarmed Combat
   857 | D:2      | Found a faded altar of an unknown god.
   862 | D:2      | Reached XP level 2. HP: 11/11 MP: 6/6
  1168 | D:2      | Noticed a scorpion
  1335 | D:2      | Reached XP level 3. HP: 14/14 MP: 7/7
  1339 | D:2      | Learned a level 3 spell: Frozen Ramparts
  1605 | D:2      | Found Rigaikal's Magic Scroll Shoppe.
  1634 | D:2      | Bought a scroll of identify for 26 gold pieces
  2198 | D:3      | Learned a level 3 spell: Ozocubu's Armour
  2338 | D:2      | Bought a scroll of noise for 13 gold pieces
  2338 | D:2      | Bought a scroll of blinking for 97 gold pieces
  2517 | D:3      | Reached XP level 4. HP: 18/18 MP: 4/8
  2533 | D:3      | Found a transporter.
  2533 | D:3      | Noticed ThreePoint314's ghost (amateur HOSu)
  2534 | D:3      | Noticed an ogre
  2535 | D:3      | Found a transporter.
  2535 | D:3      | Noticed an ogre
  3042 | D:4      | Noticed a necrophage
  3118 | D:4      | Found a burning altar of Makhleb.
  3120 | D:4      | Noticed a cacodemon
  3212 | D:4      | Reached XP level 5. HP: 20/21 MP: 10/10
  3317 | D:4      | Reached skill level 5 in Ice Magic
  3658 | D:4      | Learned a level 2 spell: Blink
  3758 | D:2      | Bought a scroll of immolation for 45 gold pieces
  3758 | D:2      | Identified a scroll of acquirement
  3758 | D:2      | Acquired 434 gold pieces
  3760 | D:2      | Bought a scroll of identify for 26 gold pieces
  3760 | D:2      | Bought a scroll of identify for 26 gold pieces
  3760 | D:2      | Bought a scroll of identify for 26 gold pieces
  3826 | D:5      | Entered Level 5 of the Dungeon
  3847 | D:5      | Noticed a yak
  3848 | D:5      | Noticed a yak
  3910 | D:5      | Noticed Ijyb
  4184 | D:5      | Reached skill level 1 in Translocations
  4443 | D:5      | Killed Ijyb
  4463 | D:5      | Gained mutation: You are covered in thick fur. (AC +2)
                  | [Felid growth]
  4463 | D:5      | Reached XP level 6. HP: 4/24 MP: 4/12
  4750 | D:5      | Noticed a two-headed ogre
  4760 | D:5      | Killed a two-headed ogre
  4761 | D:5      | Reached skill level 1 in Fighting
  4761 | D:5      | Reached XP level 7. HP: 29/29 MP: 12/14
  4888 | D:5      | Identified the +4 lajatang of the Wilderness {drain, +Blink
                  | rElec rPois Will-}
  4928 | D:5      | Reached XP level 8. HP: 30/33 MP: 15/15
  5160 | D:5      | Reached skill level 5 in Stealth
  5165 | D:5      | Learned a level 4 spell: Hailstorm
  5199 | D:5      | Reached skill level 1 in Conjurations
  5542 | D:6      | Reached skill level 5 in Spellcasting
  5542 | D:6      | Reached XP level 9. HP: 33/36 MP: 17/17
  6127 | D:6      | Found a staircase to the Ecumenical Temple.
  6174 | Temple   | Entered the Ecumenical Temple
  6410 | Temple   | Became a worshipper of Ru the Awakened
  6496 | D:7      | Noticed Menkaure
  6499 | D:7      | Killed Menkaure
  6509 | D:7      | Found Zaoqejeh's General Store.
  6512 | D:7      | Bought 2 scrolls of identify for 52 gold pieces
  6522 | D:7      | Reached skill level 5 in Fighting
  6522 | D:7      | Reached skill level 5 in Unarmed Combat
  6522 | D:7      | Reached skill level 5 in Conjurations
  6522 | D:7      | Reached XP level 10. HP: 44/44 MP: 17/19
  6594 | D:7      | Found a sand-covered staircase.
  6601 | Ossuary  | Entered an ossuary
  6626 | Ossuary  | Learned a level 3 spell: Dazzling Flash
  6631 | Ossuary  | Learned a level 4 spell: Iskenderun's Mystic Blast
  7680 | Ossuary  | Acquired 1202 gold pieces
  8296 | D:7      | Noticed a skeletal warrior
  8360 | D:7      | Found Vuosuj's Magic Scroll Shop.
  8396 | D:7      | Bought a scroll of identify for 22 gold pieces
  8396 | D:7      | Bought a scroll of vulnerability for 82 gold pieces
  8396 | D:7      | Bought a scroll of fear for 38 gold pieces
  8396 | D:7      | Bought a scroll of acquirement for 572 gold pieces
  8396 | D:7      | Bought a scroll of identify for 22 gold pieces
  8396 | D:7      | Bought a scroll of teleportation for 33 gold pieces
  8396 | D:7      | Bought a scroll of silence for 82 gold pieces
  8975 | D:8      | Gained mutation: You cannot study or use magical devices.
                  | [Ru sacrifice]
  8975 | D:8      | Reached * piety under Ru
  8975 | D:8      | Reached ** piety under Ru
  9636 | D:9      | Found a staircase to the Orcish Mines.
  9844 | D:9      | Found a staircase to the Lair.
  9874 | D:9      | Noticed a seven-headed hydra
  9911 | D:9      | Killed a seven-headed hydra
  9912 | D:9      | Reached skill level 1 in Hexes
 10706 | D:9      | Noticed Erolcha
 10712 | D:9      | Gained mutation: You are somewhat inexperienced. (-2 XL)
                  | [Ru sacrifice]
 10712 | D:9      | Reached XP level 9. HP: 41/41 MP: 19/19
 10712 | D:9      | Reached XP level 8. HP: 38/38 MP: 18/18
 10712 | D:9      | Reached *** piety under Ru
 10712 | D:9      | Reached **** piety under Ru
 11093 | D:10     | Entered Level 10 of the Dungeon
 11093 | D:10     | Found a transporter.
 11602 | D:9      | Reached XP level 9. HP: 15/41 MP: 0/19
 11968 | D:10     | Noticed a fire crab
 12056 | D:10     | Noticed a fire crab
 12057 | D:10     | Noticed a fire crab
 12118 | D:10     | Found a transporter.
 12545 | D:10     | Found a large runed translucent door.
 12545 | D:10     | Found a large runed translucent door.
 12547 | D:10     | Noticed Samael12321's ghost (journeyman OpAE)
 12658 | D:10     | You fall into a shaft and drop 3 floors!
 12676 | D:12     | Noticed a two-headed ogre
 12704 | D:11     | Noticed a boulder beetle
 13586 | D:10     | Killed from afar by an electric eel
 13587 | D:10     | Reached XP level 8. HP: 0/38 MP: 10/18
 14067 | D:10     | Gained mutation: You are somewhat unskilled. (-1 Apt) [Ru
                  | sacrifice]
 14067 | D:10     | Reduced skill Fighting to level 5
 14067 | D:10     | Reduced skill Unarmed Combat to level 5
 14067 | D:10     | Reduced skill Spellcasting to level 5
 14067 | D:10     | Reached ***** piety under Ru
 14640 | D:11     | Noticed a two-headed ogre
 15398 | D:11     | Identified the +2 robe "Peururph" {rF+ rN+ Will+++ Str-5}
 15440 | D:11     | Got the Catalogue of the Frostbite and Beguiling
 15654 | D:11     | Noticed a cyclops
 15658 | D:11     | Killed a cyclops
 15694 | D:11     | Noticed a gargoyle
 16857 | D:3      | Killed ThreePoint314's ghost
 17016 | D:4      | Reached XP level 9. HP: 40/40 MP: 5/18
 17097 | D:4      | Acquired the ring of Lust {rPois Str+3}
 17211 | Lair:1   | Entered Level 1 of the Lair of Beasts
 17656 | Lair:1   | Noticed a five-headed hydra
 17670 | Lair:1   | Mangled by a five-headed hydra
 17671 | Lair:1   | Reached XP level 8. HP: -6/37 MP: 7/18
 17671 | Lair:1   | Upgraded the game from 0.28-a0-983-g1de4e0787c to
                  | 0.28-a0-984-g3775c662fe
 17851 | Lair:1   | Noticed a black mamba
 17855 | Lair:1   | Killed a black mamba
 18099 | Lair:1   | Noticed a black mamba
 18101 | Lair:1   | Noticed a black mamba
 18101 | Lair:1   | Noticed a black mamba
 18105 | Lair:1   | Noticed a black mamba
 18107 | Lair:1   | Killed a black mamba
 18107 | Lair:1   | Killed a black mamba
 18107 | Lair:1   | Killed a black mamba
 18107 | Lair:1   | Killed a black mamba
 18399 | Lair:1   | Found the +8 whip "Snakebite" {venom, curare, rPois}
 18569 | Lair:1   | Noticed a black mamba
 18574 | Lair:1   | Killed a black mamba
 18625 | Lair:1   | Noticed a cane toad
 18629 | Lair:1   | Killed a cane toad
 18783 | Lair:1   | Reached skill level 10 in Ice Magic
 18783 | Lair:1   | Reached XP level 9. HP: 35/40 MP: 1/19
 18909 | Lair:1   | Killed a five-headed hydra
 20313 | Lair:2   | Found a staircase to the Shoals.
 21235 | Lair:3   | Noticed a seven-headed hydra
 21242 | Lair:3   | Killed a seven-headed hydra
 21680 | Lair:3   | Noticed a boulder beetle
 21688 | Lair:3   | Killed a boulder beetle
 22433 | Lair:3   | Noticed a four-headed hydra
 23643 | Lair:2   | Reached XP level 10. HP: 41/46 MP: 10/20
 23727 | Lair:2   | Found a staircase to the Shoals.
 23907 | Lair:3   | Found a hole to the Spider Nest.
 24511 | Lair:4   | Noticed a five-headed hydra
 24765 | Lair:4   | Acquired 819 gold pieces
 26239 | Lair:5   | Reached skill level 10 in Stealth
 26639 | Lair:5   | Noticed a death yak
 26639 | Lair:5   | Noticed a death yak
 27047 | Lair:5   | Killed a death yak
 27048 | Lair:5   | Reached skill level 10 in Dodging
 27653 | Lair:5   | Noticed Urug
 27660 | Lair:5   | Killed Urug
 27812 | Lair:6   | Entered Level 6 of the Lair of Beasts
 28208 | Lair:6   | Reached skill level 5 in Translocations
 28208 | Lair:6   | Reached XP level 11. HP: 51/51 MP: 3/21
 28345 | Lair:6   | Noticed a dire elephant
 34213 | Lair:6   | Found a runed translucent door.
 34214 | Lair:6   | Found a viscous altar of Jiyva.
 34225 | Lair:6   | Reached skill level 10 in Conjurations
 35086 | Lair:6   | Found a staircase to the Slime Pits.
 35949 | D:11     | Slain by a boulder beetle
 35950 | D:11     | Reached XP level 10. HP: -4/45 MP: 14/23
 35988 | D:11     | Killed a boulder beetle
 35989 | D:11     | Reached XP level 11. HP: 51/51 MP: 1/24
 36430 | Orc:1    | Entered Level 1 of the Orcish Mines
 36430 | Orc:1    | You fall into a shaft and drop 1 floor!
 36430 | Orc:2    | Entered Level 2 of the Orcish Mines
 36430 | Orc:2    | Found a staircase to the Elven Halls.
 36536 | Orc:1    | Found a shimmering altar of Xom.
 36842 | Orc:2    | Noticed an ettin
 37050 | Orc:2    | Slain by an ettin

Illustrated notes

Levels and vault maps discovered:
D:1:      minmay_arrival_radiant_lines, layout_rooms, solitary_fountain
D:2:      layout_basic, basic_ecumenical_altar, serial_shops,
          nicolae_shop_waterfront, serial_forest, infiniplex_forest_diagonal,
          infiniplex_forest_clump_long, infiniplex_forest_fountain,
          infiniplex_forest_zigzag_1, infiniplex_forest_end_2,
          infiniplex_forest_end_1, infiniplex_forest_end_double,
          grunt_decor_junction
D:3:      layout_rooms, gammafunk_ghost_smash, nrook_mini_vaults
D:4:      layout_loops_ring, makhleb_altar_promises_db, lemuel_flame_loot_1
D:5:      layout_cave_pools, serial_park, serial_park_square2,
          serial_park_tiny_2, serial_park_gazebo [serial_park_minivault_5x5_6],
          serial_park_square2, serial_park_tiny_1, minmay_misc_feat_enclosed,
          uniq_ijyb
D:6:      layout_loops_ring, minmay_temple_entry_antechambers, nrook_campfire,
          minmay_circle_x
D:7:      minmay_chambers_of_fours, layout_rooms, serial_corexii_hall,
          corexii_hall_statues_l, corexii_hall_statues_l,
          chequers_hall_statues_y, corexii_hall_statues_l, serial_shops,
          kennysheep_mini_moat, shop, gup_ossuary_entry_pyramid, uniq_menkaure
D:8:      layout_basic
D:9:      layout_cave_pods, dpeg_oklobed_lair, orc_0_dummy, serial_rivers,
          chequers_serial_rivers_micro_c, chequers_serial_rivers_small_3,
          chequers_serial_rivers_marsh, chequers_serial_rivers_small_3,
          chequers_serial_rivers_micro_e, uniq_erolcha
D:10:     gammafunk_wand_slinger, layout_loops_ring, serial_ice, serial_ice_j,
          serial_ice_m, serial_ice_h, serial_ice_c, serial_ice_f, serial_ice_e,
          serial_ice_g, serial_ice_b, serial_ice_a, serial_ice_n,
          ebering_ghost_disaster_area, minivault_25_ag
D:11:     layout_layer_cave, minmay_nine_imps
D:12:     layout_irregular_city
D:13:     layout_grid_maze
Temple:   mainiacjoe_temple_archimedes_tessellation
Lair:1:   minmay_guarded_unrand_snakebite, layout_cave_pods, kennysheep_rathole,
          grunt_megastairs_4, serial_bayou_shore_a
Lair:2:   layout_gridlike, elwin_shoals_entry_stream, special_room
          [special_room_bee]
Lair:3:   layout_loops_ring, nicolae_spider_entry_non_spiders,
          grunt_megastairs_2
Lair:4:   layout_hall_layers, special_room [special_room_mythical_zoo]
Lair:5:   layout_cave_pods, minmay_holes, roderic_carrion_pond, uniq_urug
Lair:6:   minmay_lair_end_enchanted_forest, layout_regular_city, slime_altar_2
Orc:1:    layout_caves, basic_altar, mines2_david, uniq_snorg
Orc:2:    grunt_orc_tribal_feast, layout_caves, bh_open_orc_temple

Skill      XL: |  1  2  3  4  5  6  7  8  9 10 11 |
---------------+----------------------------------+-----
Unarmed Combat | 2 3 5 6 8 |  8.0
Ice Magic      | 4 5 6 10 9 | 10.4
Spellcasting   | 3 4 5 6 6 8 |  8.0
Translocations | 2 4 4 5 6 |  6.0
Evocations     | 4 0 |  0.0
Fighting       | 1 2 5 6 8 |  8.0
Dodging        | 3 4 7 9 10 | 10.0
Stealth        | 4 7 9 10 | 10.0
Conjurations   | 8 7 6 10 | 10.4
Hexes          | 4 4 2 |  4.0

Action                   |  1- 3 |  4- 6 |  7- 9 | 10-12 || total
-------------------------+-------+-------+-------+-------++-------
Melee: Unarmed           |    20 |    56 |   292 |   412 ||   780
       Bite              |     1 |     5 |    27 |    40 ||    73
       Punch             |       |     1 |     6 |    15 ||    22
 Cast: Freeze            |    30 |    24 |    70 |    63 ||   187
       Frozen Ramparts   |     2 |    10 |    41 |    46 ||    99
       Ozocubu's Armour  |       |     6 |    53 |    85 ||   144
       Hailstorm         |       |       |    85 |   148 ||   233
       Iskenderun's Myst |       |       |    15 |    29 ||    44
       Blink             |       |       |     8 |     2 ||    10
       Dazzling Flash    |       |       |     5 |    25 ||    30
Invok: Draw Out Power    |       |       |     4 |     3 ||     7
       Apocalypse        |       |       |     1 |     6 ||     7
       Reject Sacrifices |       |       |     1 |     2 ||     3
       Sacrifice Experie |       |       |     1 |       ||     1
       Sacrifice Skill   |       |       |     1 |       ||     1
       Power Leap        |       |       |     2 |     1 ||     3
       Sacrifice Artific |       |       |       |     1 ||     1
Evoke: Wand              |       |     3 |     6 |       ||     9
  Use: Scroll            |     4 |     9 |    11 |     8 ||    32
       Potion            |       |     2 |     1 |       ||     3
 Stab: Sleeping          |    10 |     6 |    20 |    15 ||    51
       Paralysed         |       |     7 |       |     3 ||    10
       Invisible         |       |       |     2 |     8 ||    10
       Distracted        |       |       |     1 |       ||     1
Armor: Skin              |     1 |    27 |    69 |    74 ||   171
Dodge: Dodged            |    31 |    79 |   376 |   458 ||   944

Table legend: (Time is in decaauts)
 A = Elapsed time spent in this place.
 B = Non-inter-level travel time spent in this place.
 C = Inter-level travel time spent in this place.
 D = Time resting spent in this place.
 E = Time spent auto-exploring this place.
 F = Levels seen in this place.
 G = Mean time per level.
                   A        B        C        D        E       F      G
               +--------+--------+--------+--------+--------+-----+--------+
         Total |  33856 |  31763 |   2093 |  12678 |  14802 |  23 | 1472.0 |
       Dungeon |  15091 |  13647 |   1444 |   4201 |   7427 |  13 | 1160.8 |
        Temple |    197 |    160 |     37 |      0 |    142 |   1 |  197.0 |
          Lair |  16901 |  16301 |    600 |   7409 |   6889 |   6 | 2816.8 |
  Orcish Mines |    597 |    587 |     10 |    413 |     99 |   2 |  298.5 |
       Ossuary |   1068 |   1068 |      0 |    654 |    245 |   1 | 1068.0 |
               +--------+--------+--------+--------+--------+-----+--------+

Top non-repeatable levels by time:
  Lair:5: 6048 daAuts
  Lair:6: 3200 daAuts
    D:10: 2881 daAuts
  Lair:2: 2774 daAuts
  Lair:1: 2301 daAuts
    D:11: 1945 daAuts
     D:9: 1923 daAuts
  Lair:3: 1732 daAuts
     D:4: 1688 daAuts
     D:8: 1249 daAuts
     D:2: 1234 daAuts
     D:5: 1177 daAuts
 Ossuary: 1068 daAuts
  Lair:4: 844 daAuts
     D:6: 822 daAuts
